 Dungeon Crawl Stone Soup version 0.30-a0-305-g026cb31310 (webtiles) character file.

Game seed: 1812643009629481409

2947 pokeman the Thaumaturge (level 9, -1/49 HPs)
             Began as a Deep Elf Hedge Wizard on Oct 21, 2022.
             Was a Believer of Vehumet.
             Shot with an arrow by a centaur (10 damage)
             ... on level 7 of the Dungeon.
             The game lasted 00:15:52 (7043 turns).

pokeman the Thaumaturge (Deep Elf Hedge Wizard)     Turns: 7043, Time: 00:15:52

Health: -1/49      AC:  4    Str:  7    XL:     9   Next: 51%
Magic:  18/26      EV: 13    Int: 30    God:    Vehumet [**....]
Gold:   274        SH:  0    Dex: 14    Spells: 20/31 levels left

rFire   . . .      SeeInvis .    B - +1 arbalest (freeze)
rCold   . . .      Faith    .    (shield currently unavailable)
rNeg    . . .      Spirit   .    b - +0 robe
rPois   .          Reflect  .    e - +0 helmet
rElec   .          Harm     .    (no cloak)
rCorr   .          Rampage  .    (no gloves)
Will    +....                    x - +0 pair of boots
Stlth   ++........               (no amulet)
HPRegen 0.28/turn                q - +6 ring of intelligence
MPRegen 0.20/turn                z - ring of willpower

@: no status effects
A: no striking features
a: Renounce Religion


You were on level 7 of the Dungeon.
You worshipped Vehumet.
Vehumet was pleased with you.
You visited 1 branch of the dungeon, and saw 7 of its levels.

You collected 274 gold pieces.

Inventory:

Hand Weapons
 u - a +1 dagger of freezing
 B - a +1 arbalest of freezing (weapon)
 C - a +0 shortbow of flaming
Missiles
 j - 4 curare-tipped darts
Armour
 b - a +0 robe (worn)
 e - a +0 helmet (worn)
 n - an orb of mayhem
 x - a +0 pair of boots (worn)
Jewellery
 q - a +6 ring of intelligence (left hand)
 z - a ring of willpower (right hand)
Wands
 m - a wand of flame (20)
 H - a wand of digging (6)
Scrolls
 a - 9 scrolls of identify {unknown}
 h - 2 scrolls of silence {unknown}
 k - 2 scrolls of poison {unknown}
 l - a scroll of blinking {unknown}
 o - 2 scrolls of noise {unknown}
 p - a scroll of summoning {unknown}
 r - a scroll of magic mapping {unknown}
 s - 3 scrolls of enchant armour {unknown}
 t - a scroll of torment {unknown}
 y - 2 scrolls of teleportation {unknown}
 D - 3 scrolls of amnesia {unknown}
 E - a scroll of enchant weapon {unknown}
 F - a scroll of vulnerability {unknown}
 G - a scroll of immolation {unknown}
Potions
 c - 3 potions of heal wounds {unknown}
 d - 2 potions of magic
 f - a potion of flight {unknown}
 g - 3 potions of degeneration {unknown}
 i - 4 potions of curing {unknown}
 v - a potion of haste
 w - a potion of attraction {unknown}
 I - a potion of berserk rage {unknown}
Miscellaneous
 A - a tin of tremorstones (2/2)


   Skills:
 + Level 2.9 Fighting
 - Level 3.2 Armour
 - Level 3.0 Dodging
 - Level 3.0 Stealth
 * Level 11.9 Spellcasting
 + Level 8.3 Conjurations
 - Level 1.1 Summonings
 - Level 1.1 Translocations
 - Level 1.0 Air Magic
 - Level 1.1 Earth Magic
 - Level 1.1 Poison Magic
 - Level 1.2 Evocations


You had 20 spell levels left.
You knew the following spells:

 Your Spells              Type           Power      Damage    Failure   Level
a - Magic Dart            Conj           100%       1d8       1%          1
b - Mephitic Cloud        Conj/Pois/Air  39%        N/A       1%          3
c - Call Imp              Summ           24%        N/A       2%          2
d - Blink                 Tloc           48%        N/A       2%          2
e - Stone Arrow           Conj/Erth      92%        3d12      1%          3

Your spell library contained the following spells:

 Spells                   Type           Power      Damage    Failure   Level
 Freeze                   Ice            68%        1d8       3%          1
 Kiss of Death            Conj/Necr      100%       2d13      1%          1
 Summon Small Mammal      Summ           96%        N/A       1%          1
 Static Discharge         Conj/Air       92%        2-6/arc   1%          2
 Poisonous Vapours        Pois/Air       48%        N/A       2%          2
 Slow                     Hex            68%        N/A       3%          1
 Cigotuvi's Dreadful Rot  Necr/Pois/Air  44%        N/A       3%          2
 Passwall                 Tmut/Erth      17%        N/A       3%          2
 Ensorcelled Hibernation  Hex/Ice        34%        N/A       4%          2
 Call Canine Familiar     Summ           24%        N/A       5%          3
 Swiftness                Air            24%        N/A       5%          3
 Vhi's Electric Charge    Tloc/Air       48%        N/A       5%          3
 Summon Guardian Golem    Hex/Summ       21%        N/A       7%          3
 Confusing Touch          Hex            17%        N/A       9%          3
 Frozen Ramparts          Ice            34%        1d6       9%          3
 Arcjolt                  Conj/Air       23%        1d33      12%         5
 Lightning Bolt           Conj/Air       23%        1d38      12%         5
 Animate Armour           Summ/Erth      48%        N/A       19%         4
 Summon Ice Beast         Ice/Summ       21%        N/A       22%         4
 Dispel Undead            Necr           17%        3d10      28%         4
 Ice Form                 Ice/Tmut       17%        N/A       28%         4
 Lehudib's Crystal Spear  Conj/Erth      23%        10d6      100%        8
 Maxwell's Capacitive Co  Air            12%        ∞         100%        8


Dungeon Overview and Level Annotations

Branches:
Dungeon (7/15)             Temple (0/1) D:4

Altars:
Kikubaaqudgha
Nemelex Xobeh
Ru
Sif Muna
Vehumet
Zin

Shops:
D:5 *   D:6 *


Message History

The bolt barely misses the kobold brigand.
The centaur seems less confused.
The centaur unwields a +0 club.
The centaur wields a +0 shortbow.
The centaur shoots an arrow.
The arrow hits you.
* * * LOW HITPOINT WARNING * * *
Unknown command.
Casting: Stone Arrow (safe; 1% risk of failure)
Confirm with . or Enter, or press ? or * to list all spells.
Aiming: Mephitic Cloud (safe; 1% risk of failure)
Press: ? - help, Shift-Dir - straight line, f/p - kobold brigand
Aim: a kobold brigand, wielding a +0 short sword and quivering curare-tipped darts (almost dead, confused, chance to affect: 77%)
The ball explodes into a vile cloud!
The stinking cloud engulfs the kobold brigand but does no damage.
The kobold brigand is almost dead.
The kobold brigand is engulfed in noxious fumes.
The kobold brigand appears confused.
The kobold brigand wonders, "What am I doing in here?"
The centaur shoots an arrow.
The arrow hits you.
* * * LOW HITPOINT WARNING * * *
Unknown command.
The kobold brigand is engulfed in noxious fumes.
The kobold brigand appears confused.
The kobold brigand hits you with a +0 short sword.
* * * LOW HITPOINT WARNING * * *
There is an escape hatch in the floor, spattered with blood here.
Casting: Mephitic Cloud (safe; 1% risk of failure)
Confirm with . or Enter, or press ? or * to list all spells.
Aiming: Mephitic Cloud (safe; 1% risk of failure)
Press: ? - help, Shift-Dir - straight line, p - kobold brigand
Okay, then.
Unknown command.
Fire: B) +1 arbalest (freeze)
Press: ? - help, Q - select action, (/) - cycle Shift-Dir - straight line, f - centaur, p - kobold brigand
Aim: a centaur, wielding a +0 shortbow and quivering poisoned darts (heavily wounded, 67% to hit)
You shoot a bolt. The bolt hits the kobold brigand!
The bolt freezes the kobold brigand.
You kill the kobold brigand!
Vehumet accepts your kill.
The centaur shoots an arrow.
The arrow hits you!
You die...

....P .... .).# ##
####.?.#..# ......'.
....!####
#####........
####...#........ ##
#@☼#.).)).)..... .#
###.☼☼○c)'........
.#
###...#########.P...
.# ##....## ..... .#
#...### ♣.♣P .#
#..## ♣.♣ .# ####.##
♣♣ .# ##.....# .#
##...#.##


You could see a centaur.

Vanquished Creatures
  Pikel (D:7)
  Grinder (D:3)
  A water moccasin (D:5)
  Duvessa (D:6)
  An orc warrior (D:7)
  3 ice beasts
  A sky beast (D:6)
  A centaur (D:6)
  3 ogres
  3 lemures (D:6)
  2 phantoms (D:5)
  A kobold brigand (D:7)
  A bullfrog (D:6)
  2 scorpions
  3 wights (D:6)
  Dowan (D:7)
  A howler monkey (D:5)
  3 orc priests
  3 gnoll boudas (D:7)
  3 hounds
  2 jellies
  5 iguanas
  An orc wizard (D:7)
  7 gnolls (D:7)
  8 adders
  A shadow imp (D:5)
  A white imp (D:7)
  2 ufetubi
  2 worms (D:2)
  2 dart slugs
  12 orcs
  7 ball pythons
  6 endoplasms
  4 giant cockroaches
  10 goblins
  8 hobgoblins
  4 kobolds
  3 quokkas
  4 bats
  4 rats
  A spectral goblin (D:3)
130 creatures vanquished.

Vanquished Creatures (others)
  5 fungi (D:7)
  2 plants (D:7)
7 creatures vanquished.

Grand Total: 137 creatures vanquished

Notes
Turn   | Place    | Note
-------+----------+-------------------------------------------
     0 | D:1      | pokeman the Deep Elf Hedge Wizard began the quest for the
                  | Orb.
     0 | D:1      | Reached XP level 1. HP: 10/10 MP: 7/7
   350 | D:1      | Reached XP level 2. HP: 12/16 MP: 0/9
  1007 | D:2      | Reached skill level 5 in Spellcasting
  1074 | D:2      | Reached XP level 3. HP: 20/20 MP: 7/11
  1078 | D:2      | Learned a level 3 spell: Mephitic Cloud
  1081 | D:2      | Learned a level 2 spell: Call Imp
  1084 | D:2      | Learned a level 2 spell: Blink
  1170 | D:2      | You fall into a shaft and drop 1 floor!
  1389 | D:2      | Reached skill level 1 in Armour
  1511 | D:2      | Reached skill level 1 in Fighting
  2188 | D:2      | Learned a level 3 spell: Stone Arrow
  2337 | D:3      | Reached XP level 4. HP: 25/25 MP: 9/13
  2449 | D:3      | Noticed Grinder
  2459 | D:3      | Paralysed by Grinder for 3 turns
  2589 | D:3      | Paralysed by Grinder for 4 turns
  2596 | D:3      | Killed Grinder
  2597 | D:3      | Reached skill level 5 in Conjurations
  2597 | D:3      | Reached XP level 5. HP: 29/29 MP: 2/15
  2597 | D:3      | Reached XP level 6. HP: 34/34 MP: 2/16
  2743 | D:3      | Found a faded altar of an unknown god.
  2781 | D:3      | Found a radiant altar of Vehumet.
  2791 | D:3      | Became a worshipper of Vehumet
  2926 | D:3      | Found an ancient bone altar of Kikubaaqudgha.
  3245 | D:4      | Reached skill level 6 in Spellcasting
  3398 | D:4      | Found a sacrificial altar of Ru.
  3547 | D:4      | Found a staircase to the Ecumenical Temple.
  3765 | D:4      | Found a sparkling altar of Nemelex Xobeh.
  3802 | D:4      | Reached * piety under Vehumet
  3802 | D:4      | Offered knowledge of Shock by Vehumet.
  3930 | D:5      | Entered Level 5 of the Dungeon
  3930 | D:5      | Noticed a water moccasin
  3932 | D:5      | Killed a water moccasin
  3933 | D:5      | Reached skill level 1 in Air Magic
  3933 | D:5      | Reached skill level 1 in Evocations
  3933 | D:5      | Reached XP level 7. HP: 38/38 MP: 11/18
  4011 | D:5      | Reached skill level 7 in Spellcasting
  4011 | D:5      | Reached skill level 1 in Earth Magic
  4011 | D:5      | Reached skill level 1 in Poison Magic
  4507 | D:5      | Reached skill level 8 in Spellcasting
  4691 | D:5      | Reached XP level 8. HP: 44/44 MP: 16/22
  4961 | D:5      | Found Zin's Purification Station.
  4964 | D:5      | Found a glowing silver altar of Zin.
  5275 | D:5      | Found a shimmering blue altar of Sif Muna.
  5401 | D:6      | Reached skill level 9 in Spellcasting
  5861 | D:6      | Offered knowledge of Freeze by Vehumet.
  5890 | D:6      | Found Sojyewn's Gadget Gallery.
  6018 | D:7      | Noticed Duvessa
  6018 | D:7      | Noticed Dowan
  6022 | D:7      | Killed Dowan
  6022 | D:7      | Reached ** piety under Vehumet
  6026 | D:6      | Reached skill level 10 in Spellcasting
  6066 | D:7      | Noticed Pikel
  6347 | D:6      | Killed Duvessa
  6456 | D:7      | Killed Pikel
  6457 | D:7      | Reached skill level 11 in Spellcasting
  6457 | D:7      | Reached XP level 9. HP: 41/48 MP: 12/26
  7043 | D:7      | Shot with an arrow by a centaur

Illustrated notes

Levels and vault maps discovered:
D:1:      scummos_arrival_simple_fountains, layout_loops_ring
D:2:      layout_loops_corners
D:3:      layout_loops_cross, vehumet_altar_wand_db,
          nicolae_kikubaaqudgha_miasma_corner,
          dreamdust_ecumenical_altar_drowned_temple, dk_noncrumbling_3,
          uniq_grinder
D:4:      layout_basic, nicolae_ru_awakened_eye, nemelex_altar_shiori,
          minmay_temple_entry_waves
D:5:      minmay_octagon_keep, layout_basic, zin_purify,
          mainiacjoe_overflow_alcove_1
D:6:      layout_rooms, nicolae_shop_gadgets
D:7:      kennysheep_seaside_town, layout_cave_pools, serial_shops,
          nicolae_diamond_shop, uniq_pikel, uniq_duvessa

Skill      XL: |  1  2  3  4  5  6  7  8  9 |
---------------+----------------------------+-----
Spellcasting   | 5 6 8 11 | 11.9
Armour         | 1 3 |  3.2
Fighting       | 1 2 |  2.9
Conjurations   | 2 5 6 7 8 |  8.3
Dodging        | 3 |  3.0
Stealth        | 3 |  3.0
Air Magic      | 1 |  1.0
Evocations     | 1 |  1.2
Earth Magic    | 1 |  1.1
Poison Magic   | 1 |  1.1
Summonings     | |  1.1
Translocations | |  1.1

Action                   |  1- 3 |  4- 6 |  7- 9 || total
-------------------------+-------+-------+-------++-------
Melee: Dagger            |     2 |       |    28 ||    30
       Punch             |       |       |     1 ||     1
 Fire: Sling             |    42 |    22 |       ||    64
       Arbalest          |       |       |    50 ||    50
 Cast: Magic Dart        |    64 |    56 |    37 ||   157
       Stone Arrow       |     1 |     9 |    62 ||    72
       Blink             |       |     2 |     2 ||     4
       Mephitic Cloud    |       |     1 |    12 ||    13
 Stab: Confused          |       |       |     1 ||     1
Armor: Robe              |     3 |     2 |    22 ||    27
Dodge: Dodged            |    17 |     6 |    62 ||    85

Table legend: (Time is in decaauts)
 A = Elapsed time spent in this place.
 B = Non-inter-level travel time spent in this place.
 C = Inter-level travel time spent in this place.
 D = Time resting spent in this place.
 E = Time spent auto-exploring this place.
 F = Levels seen in this place.
 G = Mean time per level.
                   A        B        C        D        E       F      G
               +--------+--------+--------+--------+--------+-----+--------+
         Total |   7122 |   6936 |    186 |    596 |   5388 |   7 | 1017.4 |
       Dungeon |   7122 |   6936 |    186 |    596 |   5388 |   7 | 1017.4 |
               +--------+--------+--------+--------+--------+-----+--------+

Top non-repeatable levels by time:
     D:5: 1610 daAuts
     D:2: 1256 daAuts
     D:1: 983 daAuts
     D:3: 922 daAuts
     D:6: 916 daAuts
     D:4: 799 daAuts
     D:7: 634 daAuts
